 Dungeon Crawl Stone Soup version 0.29.1-12-g30fa7ad0bf (webtiles) character file.

Game seed: 11210332460071485540

9 suuiika the Trooper (level 2, 0/28 HPs)
             Began as a Naga Abyssal Knight on Dec 19, 2022.
             Was a Believer of Lugonu.
             Slain by Sigmund
             ... wielding a +0 scythe
              (6 damage)
             ... on level 2 of the Dungeon.
             The game lasted 00:09:09 (524 turns).

suuiika the Trooper (Naga Abyssal Knight)            Turns: 524, Time: 00:09:10

Health: 0/28       AC:  2    Str: 15    XL:     2   Next: 12%
Magic:  3/3        EV:  9    Int: 10    God:    Lugonu [**....]
Gold:   16         SH:  0    Dex: 11    Spells: 1/1 levels left

rFire   . . .      SeeInvis +   a - +1 spear
rCold   . . .      Faith    .   (no shield)
rNeg    . . .      Spirit   .   b - +0 leather armour
rPois   +          Reflect  .   (no helmet)
rElec   .          Harm     .   (no cloak)
rCorr   .          Rampage  .   (no gloves)
Will    .....                   (no barding)
Stlth   +.........              (no amulet)
HPRegen 0.09/turn               (no ring)
MPRegen 0.08/turn               (no ring)

@: very slow
A: AC +0, large, see invisible, deformed body, poison resistance, slowness 2,
spit poison 1, naga tail 1
a: Spit Poison, Renounce Religion, Depart the Abyss, Bend Space


You were on level 2 of the Dungeon.
You worshipped Lugonu.
Lugonu was pleased with you.
You visited 1 branch of the dungeon, and saw 2 of its levels.
You visited the Abyss 1 time.

You collected 16 gold pieces.

Inventory:

Hand Weapons
 a - a +1 spear (weapon)
Missiles
 c - 6 poisoned darts
Armour
 b - a +0 leather armour (worn)


   Skills:
 + Level 3.2 Fighting
 + Level 2.3 Polearms
 + Level 1.7 Armour
 + Level 0.7 Dodging
 + Level 2.0 Invocations


You had one spell level left.
You didn't know any spells.
Your spell library was empty.

Dungeon Overview and Level Annotations

Branches:
Dungeon (2/15)

Altars:

Annotations:
D:2 Sigmund


Innate Abilities, Weirdness & Mutations

Your serpentine skin is tough. (AC +0)
You have supernaturally acute eyesight. (SInv)
Armour fits poorly on your strangely shaped body.
Your system is resistant to poisons. (rPois)
You cover ground very slowly.
You can spit poison.
You have a snake-like lower body.


Message History

Press: ? - help, Dir - move target, f - Sigmund
Aim: Sigmund, wielding a +0 scythe and wearing a +2 robe of resistance (black smoke, about 42% to evade your +1 spear)
You reach to attack!
You hit Sigmund.
Sigmund is lightly wounded.
Reach: a) +1 spear
Press: ? - help, Dir - move target, f/p - Sigmund
Aim: Sigmund, wielding a +0 scythe and wearing a +2 robe of resistance (black smoke, lightly wounded, about 42% to evade your +1 spear)
You reach to attack!
You hit Sigmund.
Sigmund is moderately wounded.
Sigmund gestures at you while chanting. The magic dart hits you.
Reach: a) +1 spear
Press: ? - help, Dir - move target, f/p - Sigmund
Aim: Sigmund, wielding a +0 scythe and wearing a +2 robe of resistance (black smoke, moderately wounded, about 42% to evade your +1 spear)
You reach to attack!
You barely miss Sigmund.
Sigmund is moderately wounded.
Sigmund hits you from afar with a +0 scythe.
Reach: a) +1 spear
Press: ? - help, Dir - move target, f/p - Sigmund
Aim: Sigmund, wielding a +0 scythe and wearing a +2 robe of resistance (black smoke, moderately wounded, about 42% to evade your +1 spear)
You reach to attack!
You closely miss Sigmund.
Sigmund is moderately wounded.
Reach: a) +1 spear
Press: ? - help, Dir - move target, f/p - Sigmund
Aim: Sigmund, wielding a +0 scythe and wearing a +2 robe of resistance (black smoke, moderately wounded, about 42% to evade your +1 spear)
You reach to attack!
You hit Sigmund.
Sigmund is heavily wounded.
Sigmund completely misses you.
Reach: a) +1 spear
Press: ? - help, Dir - move target, f/p - Sigmund
Aim: Sigmund, wielding a +0 scythe and wearing a +2 robe of resistance (black smoke, heavily wounded, about 42% to evade your +1 spear)
You reach to attack!
You hit Sigmund.
Sigmund is heavily wounded.
Sigmund hits you from afar with a +0 scythe!
* * * LOW HITPOINT WARNING * * *
There is a stone staircase leading up here.
You can't go down here!
Sigmund screams, "Die, monster!"
Sigmund hits you from afar with a +0 scythe.
You die...

.>.
..#
#.#
#.#
#.#
#.#
#.#
#@#
#.#
#.@#
#Z##
§§
§§§
...§
...
.###


You could see Sigmund and a quokka zombie.

Vanquished Creatures
  A dart slug (D:1)
  2 ball pythons (D:1)
  2 bats (D:1)
  A hobgoblin (D:1)
6 creatures vanquished.

Notes
Turn   | Place    | Note
-------+----------+-------------------------------------------
     0 | Abyss:1  | suuiika the Naga Abyssal Knight began the quest for the
                  | Orb.
     0 | Abyss:1  | Reached XP level 1. HP: 21/21 MP: 2/2
    73 | Abyss:1  | Found a corrupted altar of Lugonu.
    95 | D:1      | Escaped the Abyss
   230 | D:1      | Reached XP level 2. HP: 15/28 MP: 3/3
   517 | D:2      | Noticed Sigmund
   524 | D:2      | Slain by Sigmund

Illustrated notes

Levels and vault maps discovered:
D:1:      saegor_arrival_simple_b, layout_loops_ring,
          shapermc_ecumenical_altar_flowoftime, corexii_leaking_fountain,
          supply_closet_lemuel, minmay_tetromino_s2
D:2:      layout_loops_ring, serial_undead, serial_undead_a, serial_undead_a,
          serial_undead_c, serial_undead_e, serial_undead_f, serial_undead_e,
          serial_undead_e, serial_undead_e, serial_undead_a, serial_undead_a,
          uniq_sigmund, uniq_robin

Action                   || total
-------------------------++-------
Melee: Spear             ||    24
 Abil: Spit Poison       ||     1
Armor: Leather armour    ||     2
Dodge: Dodged            ||     6
